[Event "Live Chess"]
[Site "Chess.com"]
[Date "2024.06.01"]
[Round "-"]
[White "Zhevzh1k7"]
[Black "booktrunk"]
[Result "0-1"]
[WhiteElo "1107"]
[BlackElo "1452"]
[TimeControl "300"]
[EndTime "15:23:12 PDT"]
[Termination "booktrunk won by checkmate"]

1. e4 b6 2. d4 Bb7 3. Nc3 e6 4. Nf3 h6 5. Bc4 Nf6 6. e5 Nd5 7. Nxd5 exd5 8. Bb3 a5 9. a3 Be7 10. O-O O-O 11. Bf4 d6 12. exd6 Bxd6 13. Bxd6 Qxd6 14. Re1 Nd7 15. Qd3 Rae8 16. Rxe8 Rxe8 17. Re1 Rxe1+ 18.
Nxe1 c5 19. dxc5 Nxc5 20. Qb5 Nxb3 21. Qe8+ Kh7 22. cxb3 Qe6 23. Qxe6 fxe6 24. Nd3 Bc6 25. b4 axb4 26. axb4 Kg6 27. Ne5+ Kf6 28. Nxc6 Kf5 29.
f3 g5 30. g4+ Kf6 31. Kf2 e5 32. Ke3 Ke6 33. Na5 Kd6 34. h3 Ke6 35. Nb3 Kd6 36. Nd2 Kc6 37. Nf1 Kb5 38. Ng3 Kxb4 39. Nf5 Kb3 40. Nxh6 Kxb2 41. Nf7 Kc3 42. Nxe5 b5 43. Nc6 b4 44. f4 b3 45. Nd4 gxf4+ 46.
Kxf4 b2 47. g5 b1=Q 48. Ne2+ Kd2 49. Kf3 Qf5+ 50. Nf4 Qxg5 51. Ne6 Qf5+ 52. Nf4 Qe4+ 53. Kg4 d4 54. Kg3 Kc2 55. h4 d3 56. Nxd3 Kxd3 57.
h5 Qh7 58. Kg4 Ke4 59. Kg5 Ke5 60. h6 Ke6 61. Kh5 Kf6 62. Kg4 Qxh6 63. Kf3 Kf5 64. Ke2 Qh3 65. Kd2 Ke4 66. Ke2 Qg2+ 67. Kd1 Kd3 68. Ke1 Qe2# 0-1

[Event "Live Chess"]
[Site "Chess.com"]
[Date "2024.06.01"]
[Round "-"]
[White "McFim"]
[Black "jk0110"]
[Result "1-0"]
[WhiteElo "1626"]
[BlackElo "1236"]
[TimeControl "300"]
[EndTime "15:23:16 PDT"]
[Termination "McFim won by resignation"]

1. e4 e5 2. Nf3 Nc6 3. Bb5 f5 4.
Nc3 a6 5. Bxc6 dxc6 6. Nxe5 Qd4 7. Nf3 Qf6 8. e5 Qe6 9. d4 Nf6 10. O-O Nd5 11. Ng5 Qd7 12. e6 Qe7 13. Re1 h6 14. Qh5+ Kd8 15. Nf7+ Ke8 16. Nxh8+ Kd8 17. Nf7+ Ke8 18.
Nd6+ Kd8 19. Nf7+ Ke8 20. Nxh6+ g6 21. Qxg6+ Kd8 22. Nf7+ Ke8 23. Nxd5 cxd5 24. Ne5+ Kd8 25. Bg5 Qxg5 26. Qxg5+ Ke8 27. Qg6+ Ke7 28. Qf7+ Kd6 29.
Qxf8+ Kxe6 1-0

[Event "Live Chess"]
[Site "Chess.com"]
[Date "2024.06.01"]
[Round "-"]
[White "koekoekoe"]
[Black "updatedopenings2024"]
[Result "1/2-1/2"]
[WhiteElo "1989"]
[BlackElo "1959"]
[TimeControl "300"]
[EndTime "15:23:23 PDT"]
[Termination "Game drawn by agreement"]

1. d4 c6 2. Bf4 d6 3. e3 g6 4. c4 Bg7 5. Nc3 Nf6 6. Nf3 O-O 7. h3 Re8 8. Be2 Nbd7 9. O-O e5 10. dxe5 dxe5 11. Nxe5 Nxe5 12. Qxd8 Rxd8 13. Bxe5 Be6 14. Rfd1 Rac8 15. b3 a6 16. Rac1 b5 17. c5 Nd7 18. Bxg7 Kxg7 19. b4 a5 20. a3 axb4 21. axb4 Ne5 22. Ne4 Bd5 23. Nd6 Ra8 24. e4 Be6 25. Ra1 Ra4 26. f4 Nc4 27. Nxc4 Rxd1+ 28. Rxd1 bxc4 29. Rb1 f5 30. e5 c3 31. Rc1 Rxb4 32.
Rxc3 Rxf4 33. Bf3 Bd7 34. Ra3 Kf7 35. Ra7 Ke6 36. Rc7 Rc4 37. Bxc6 Bxc6 38. Rxc6+ Kxe5 39.
Rc8 Kd5 40. Rc7 Rxc5 41. Rxh7 Ke5 42. Rg7 Kf6 43. Rg8 Rc2 44. Kh2 Ra2 45. Kg3 Ra3+ 46.
Kh2 Kg5 47. Rb8 Ra2 48. Rb4 Ra3 49. Rc4 1/2-1/2

[Event "Live Chess"]
[Site "Chess.com"]
[Date "2024.06.01"]
[Round "-"]
[White "WelshTiger"]
[Black "KeithArkell"]
[Result "0-1"]
[WhiteElo "2497"]
[BlackElo "2412"]
[TimeControl "300"]
[EndTime "15:23:29 PDT"]
[Termination "KeithArkell won on time"]

1. e4 c6 2. d4 d5 3. e5 c5 4. dxc5 Nc6 5. f4 e6 6. Be3 d4 7. Bf2 Bxc5 8. Nf3 Nge7 9. Bd3 Nd5 10. g3 Ne3 11. Qe2 b6 12. Nbd2 Bb7 13. Ne4 Ng4 14. Bg1 Bb4+ 15. Kf1 h5 16. a3 Be7 17. h3 Nh6 18. g4 Qd5 19. Bc4 Qd7 20. Rd1 O-O-O 21. Nfg5 hxg4 22. hxg4 Kb8 23. Rxh6 Rxh6 24. Nxf7 Rdh8 25.
Nxh8 Rxh8 26. c3 g5 27. cxd4 gxf4 28. d5 exd5 29. Bxd5 Nxe5 30. Bxb7 Qxb7 31. Nc5 Qf3+ 32. Qxf3 Nxf3 33. Nd3 Nxg1 34. Kxg1 Rg8 35. Nxf4 Rxg4+ 36.
Ng2 Bf6 37. Rd2 Rg3 38. Kf1 Rb3 39. a4 Bxb2 40. Ke2 Bc3 41. Ra2 Ba5 42. Ne3 Kb7 43. Nc4 Ka6 44. Nb2 Rh3 45. Kd1 Bc3 46. Kc2 Bxb2 47.
Rxb2 Ra3 48. Rb4 Ka5 49. Rh4 Rxa4 50. Rh7 a6 51. Kb3 Rb4+ 52. Ka3 Rf4 53. Rh3 b5 0-1

[Event "Live Chess"]
[Site "Chess.com"]
[Date "2024.06.01"]
[Round "-"]
[White "Mangoalo"]
[Black "CarmelJane"]
[Result "0-1"]
[WhiteElo "1060"]
[BlackElo "2071"]
[TimeControl "300"]
[EndTime "15:23:29 PDT"]
[Termination "CarmelJane won by resignation"]

1. e4 c6 2. d4 d5 3. exd5 cxd5 4. Bf4 Nc6 5. Nf3 a6 6. Be2 Nf6 7. O-O Bf5 8. Nbd2 e6 9. c3 Bd6 10. Bxd6 Qxd6 11. Nh4 Bg6 12. Nxg6 hxg6 13. Nf3 Ng4 14. h3 Nf6 15. Bd3 O-O-O 16. Re1 Kb8 17. Ne5 Qe7 18. Nxc6+ bxc6 19. Qb3+ Qb7 20. Qxb7+ Kxb7 21. a4 Nd7 22. a5 c5 23. b4 c4 24. Bc2 Rh5 25. Bd1 Rh6 26. Re3 Nf6 27. Bf3 Ne8 28.
Rae1 Nd6 29. Bg4 Nb5 30. f4 Rhh8 31. Kh2 Nd6 32. Bxe6 fxe6 33. Rxe6 Ne4 34. Rxg6 Rhg8 35. f5 Rd6 36. Rxd6 Nxd6 37. g4 Ne4 38. Re3 Kc6 39. h4 Kb5 40. g5 Ka4 41. h5 Nxg5 42. Kg3 Ne4+ 43. Kf4 Kb3 44. Rxe4 dxe4 45. Kxe4 Kxc3 46. d5 Kxb4 47. d6 c3 48. d7 c2 49. Kf4 c1=Q+ 50.
Ke5 0-1

[Event "Live Chess"]
[Site "Chess.com"]
[Date "2024.06.01"]
[Round "-"]
[White "vincents82"]
[Black "SavagePawn7"]
[Result "1-0"]
[WhiteElo "2046"]
[BlackElo "658"]
[TimeControl "300"]
[EndTime "15:23:51 PDT"]
[Termination "vincents82 won by checkmate"]

1. e4 d5 2. exd5 Nf6 3. d4 Nxd5 4. Nf3 Nc6 5. Be2 Bg4 6. O-O Qd6 7. c3 Bxf3 8. Bxf3 O-O-O 9. Nd2 e6 10. Ne4 Qe7 11. Be3 Nxe3 12. fxe3 f5 13. Nc5 Qf7 14. Bxc6 bxc6 15. Qb3 Bxc5 16. dxc5 Rd2 17. Rad1 Re2 18.
Qc4 Rxe3 19. Qa6+ Kb8 20. Rd4 Qg6 21. Rb4+ Ka8 22. Qb7# 1-0

[Event "Live Chess"]
[Site "Chess.com"]
[Date "2024.06.01"]
[Round "-"]
[White "ACM42"]
[Black "Delacorta"]
[Result "1-0"]
[WhiteElo "2155"]
[BlackElo "1542"]
[TimeControl "300"]
[EndTime "15:24:01 PDT"]
[Termination "ACM42 won by resignation"]

1. e4 e6 2. d4 d5 3. Nc3 dxe4 4.
Nxe4 Bd7 5. Ne2 Bc6 6. N2g3 Nd7 7. Bd3 Ngf6 8. O-O Bxe4 9. Nxe4 c6 10. c4 Nxe4 11.
Bxe4 Nf6 12. Bf3 Be7 13. b3 O-O 14. Bb2 Qc7 15. Qe2 Rfe8 16. Rad1 Qf4 17. Qe5 Qxe5 18. dxe5 1-0

[Event "Live Chess"]
[Site "Chess.com"]
[Date "2024.06.01"]
[Round "-"]
[White "Berdgross"]
[Black "lyricalschemes"]
[Result "0-1"]
[WhiteElo "581"]
[BlackElo "2450"]
[TimeControl "300"]
[EndTime "15:24:04 PDT"]
[Termination "lyricalschemes won by resignation"]

1. e4 Nf6 2. d3 e5 3. Nc3 Nc6 4.
a3 d5 5. Nf3 dxe4 6. dxe4 Qxd1+ 7. Kxd1 Bg4 8. Be2 O-O-O+ 9. Ke1 Bc5 10. Bg5 Bxf3 11. Bxf3 Nd4 12. Bxf6 Nxc2+ 13. Ke2 gxf6 14. Rad1 Nd4+ 15. Kf1 c6 16. Bg4+ Kb8 17. g3 h5 18.
Bh3 h4 19. g4 Ne6 20. Kg2 Nf4+ 21. Kf3 Nxh3 22. Rxd8+ Rxd8 23. Rd1 Rxd1 24. Nxd1 Ng5+ 25. Kg2 Nxe4 26. Nc3 Nxc3 27. bxc3 Bxa3 0-1

[Event "Live Chess"]
[Site "Chess.com"]
[Date "2024.06.01"]
[Round "-"]
[White "AlexanderMatlak"]
[Black "nigelst"]
[Result "0-1"]
[WhiteElo "2390"]
[BlackElo "1703"]
[TimeControl "300"]
[EndTime "15:24:25 PDT"]
[Termination "nigelst won by resignation"]

1. e4 c6 2. d4 d5 3. e5 c5 4.
dxc5 e6 5. Nf3 Bxc5 6. Bd3 Nc6 7. O-O Nge7 8. a3 a6 9. b4 Bd4 10. Nxd4 Nxd4 11. Qg4 Ndf5 12. Bb2 h5 13. Qe2 Qc7 14. Nd2 b5 15. Nf3 Bb7 16. Ng5 g6 17. a4 O-O 18. axb5 axb5 19. Bxb5 Qb6 20. c3 Rfc8 21. Bd3 Qc6 22. b5 Qb6 23. Rfc1 Rxa1 24. Rxa1 d4 25.
cxd4 Nxd4 26. Qe3 Rd8 27. Ne4 Nef5 28. Nf6+ Kg7 29. Qg5 Kh8 30. h3 Nf3+ 31. gxf3 Rxd3 32. Rf1 Rxf3 33. Qd2 Rxh3 0-1

[Event "Live Chess"]
[Site "Chess.com"]
[Date "2024.06.01"]
[Round "-"]
[White "updatedopenings2024"]
[Black "Mangoalo"]
[Result "1-0"]
[WhiteElo "1959"]
[BlackElo "1060"]
[TimeControl "300"]
[EndTime "15:24:43 PDT"]
[Termination "updatedopenings2024 won by resignation"]

1. g3 Nc6 2. Bg2 d5 3. Nf3 e5 4.
O-O e4 5. Ne1 Nf6 6. d4 Bb4 7. c4 Bxe1 8. Rxe1 dxc4 9. e3 O-O 10.
Nc3 Re8 11. Qc2 Bf5 12. a3 h6 13. Na4 Qd7 14. Qxc4 Be6 15. Qc2 b5 16. Nc5 Qd6 17. Nxe4 Nxe4 18. Bxe4 1-0

[Event "Live Chess"]
[Site "Chess.com"]
[Date "2024.06.01"]
[Round "-"]
[White "wadsy27"]
[Black "Harry_Li"]
[Result "1-0"]
[WhiteElo "2542"]
[BlackElo "2081"]
[TimeControl "300"]
[EndTime "15:24:55 PDT"]
[Termination "wadsy27 won by resignation"]

1. d4 d5 2. g3 e6 3. Bg2 c5 4. Nf3 Nc6 5. O-O cxd4 6. Nxd4 Bc5 7. Nb3 Bb6 8. a4 a5 9. Nc3 Nf6 10. Nb5 O-O 11. Bf4 h6 12. Rc1 e5 13. Bd2 Be6 14.
e3 Rc8 15. Qe2 Bg4 16. Bf3 Bxf3 17. Qxf3 e4 18. Qg2 Ne5 19. N3d4 Qd7 20. Bc3 Rfe8 21. Rfd1 h5 22. h3 Rc4 23. Kh1 Rxa4 24. b3 Ra2 25. Ba1 a4 26. Nc3 axb3 27. Nxa2 bxa2 28. Ne2 Nf3 29.
Bxf6 gxf6 30. Nf4 Re5 31. Ra1 Qa4 32. Nxd5 Ba5 33. Nxf6+ Kg7 34. Nxe4 Qxe4 35. Rxa2 Qf5 36. g4 hxg4 37. Qxg4+ Kf6 38. Ra4 Qxg4 39. hxg4 b6 40. Rf4+ Kg5 41. Rxf3 Kxg4 42. Rf4+ Kg5 43. Rg1+ Kh6 44.
Rh4+ Rh5 45. Rxh5+ Kxh5 46. Rg7 1-0

[Event "Live Chess"]
[Site "Chess.com"]
[Date "2024.06.01"]
[Round "-"]
[White "ShanthamGrarks"]
[Black "agamilewska"]
[Result "1-0"]
[WhiteElo "1800"]
[BlackElo "1772"]
[TimeControl "300"]
[EndTime "15:25:04 PDT"]
[Termination "ShanthamGrarks won by resignation"]

1. d4 d5 2. Nc3 Nf6 3. Bf4 Nc6 4.
Nb5 e5 5. dxe5 Nxe5 6. Bxe5 Bb4+ 7. c3 Ba5 8. Bxf6 Qxf6 9. Nd4 c6 10. Ngf3 c5 11.
Nb3 Bb6 12. e3 O-O 13. Be2 Bg4 14. O-O c4 15. Nbd4 Rfe8 16. h3 Bxf3 17. Bxf3 h6 18. Bxd5 1-0

[Event "Live Chess"]
[Site "Chess.com"]
[Date "2024.06.01"]
[Round "-"]
[White "MellowAesthetic"]
[Black "TigerTank70"]
[Result "0-1"]
[WhiteElo "2083"]
[BlackElo "2229"]
[TimeControl "300"]
[EndTime "15:25:20 PDT"]
[Termination "TigerTank70 won by resignation"]

1. e4 e5 2. Nf3 Nc6 3. Bc4 Nf6 4. d3 Be7 5. O-O O-O 6. a4 d5 7. exd5 Nxd5 8. Re1 Bf6 9. c3 Bg4 10. Nbd2 Na5 11.
Ba2 Nf4 12. Nc4 Nc6 13. h3 Bh5 14. Bxf4 exf4 15. d4 Qd7 16. Nce5 Bxe5 17. Nxe5 Nxe5 18.
Qxh5 Nd3 19. Re2 Rae8 20. Qf3 Qf5 21. Rd1 Rxe2 22. Qxe2 Nxb2 23. Qxb2 f3 24. Qxb7 fxg2 25. Re1 Qxh3 26. Qxg2 Qxc3 27. Qd5 Qxe1+ 0-1

[Event "Live Chess"]
[Site "Chess.com"]
[Date "2024.06.01"]
[Round "-"]
[White "gmnorfolk"]
[Black "cymbalshift"]
[Result "0-1"]
[WhiteElo "2111"]
[BlackElo "1692"]
[TimeControl "300"]
[EndTime "15:25:30 PDT"]
[Termination "cymbalshift won by resignation"]

1. c4 c5 2. g3 Nf6 3. Bg2 g6 4. Nc3 Bg7 5. d3 O-O 6. Bd2 Nc6 7. Qc1 d6 8. Bh6 e5 9. h4 Re8 10. Bxg7 Kxg7 11. Nf3 e4 12. dxe4 Nxe4 13. O-O Qf6 14. Nd5 Qd8 15. b3 Bg4 16. Qb2+ Nf6 17. Rfd1 Ne5 18. Nxe5 Rxe5 19. f3 Bd7 20. f4 Re8 21.
Nxf6 Qxf6 22. Qxf6+ Kxf6 23. Bxb7 Rad8 24. Bf3 Bf5 25.
Rd2 h5 26. Rad1 Re6 27. Kf2 Ke7 28. e4 Bxe4 29. Bxe4 Rxe4 30. Kf3 f5 31. Rd5 Rd7 32. R5d3 Re6 33. Re3 Rxe3+ 34. Kxe3 Ke6 35. Kd3 Re7 36.
Re1+ Kd7 37. Rxe7+ Kxe7 38. a3 a5 39. Kc3 Kd7 40.
b4 axb4+ 41. axb4 cxb4+ 42. Kxb4 Kc6 43. Kb3 Kb6 44. Kc3 Kc5 45. Kd3 d5 46. cxd5 Kxd5 47. Ke3 Kc4 48. Kf2 Kd4 49. Kf3 Kd3 50. Kf2 Kd2 51.
Kf3 Ke1 52. Kg2 Ke2 53. Kh3 Kf3 54. Kh2 Kf2 55. Kh3 Kg1 56. g4 fxg4+ 57. Kg3 Kf1 0-1

[Event "Live Chess"]
[Site "Chess.com"]
[Date "2024.06.01"]
[Round "-"]
[White "Tushinskiy"]
[Black "MagnersCarlsberg2870"]
[Result "1-0"]
[WhiteElo "2223"]
[BlackElo "1765"]
[TimeControl "300"]
[EndTime "15:25:53 PDT"]
[Termination "Tushinskiy won by resignation"]

1. d4 Nf6 2. c3 b6 3. Nf3 Bb7 4. Bf4 d6 5. Nbd2 g6 6. Bg3 Bg7 7. Qc2 Nbd7 8. e4 Nh5 9. Bb5 Nxg3 10. hxg3 a6 11. Ba4 b5 12. Bb3 c5 13. dxc5 Nxc5 14. Bd5 e6 15. Bxb7 Nxb7 16. O-O h5 17.
Rad1 h4 18. a4 Qb6 19. gxh4 Rc8 20. axb5 Qxb5 21. g3 Bf6 22. Kg2 g5 23. hxg5 Bxg5 24. Nxg5 Qxg5 25. Nf3 Qg4 26. Rh1 Ke7 27. Qb3 Nc5 28.
Qb4 Nxe4 29. Rde1 Rxh1 30. Rxh1 Rg8 31. Rh4 1-0

[Event "Live Chess"]
[Site "Chess.com"]
[Date "2024.06.01"]
[Round "-"]
[White "grillage"]
[Black "Queensandpawns"]
[Result "0-1"]
[WhiteElo "1867"]
[BlackElo "2348"]
[TimeControl "300"]
[EndTime "15:26:14 PDT"]
[Termination "Queensandpawns won by resignation"]

1. d4 e5 2. dxe5 Nc6 3. Nf3 Qe7 4. Nc3 Nxe5 5. Nxe5 Qxe5 6. e4 Nf6 7. Bd3 Bb4 8. Bd2 O-O 9. O-O d5 10. Nxd5 Nxd5 11.
exd5 Bd6 12. g3 Bh3 13. Re1 Qxd5 14. Be4 Qc5 15. Bg2 Bxg2 16. Kxg2 Rad8 17. Be3 Qc6+ 18. Qf3 Qxc2 19. Re2 Qg6 20. Rae1 Rfe8 21. b3 b6 22. Bc1 Rxe2 23. Qxe2 h6 24. Bb2 Bb4 25. Rc1 Rd2 26. Qe8+ Kh7 27. Bc3 Bxc3 28. Rxc3 Qf5 29.
Rf3 Qd5 30. Qxf7 Qxf7 31. Rxf7 Rxa2 32. Rxc7 Ra3 33. h4 a5 34. Rc3 a4 35. Rc4 b5 36.
Rb4 Rxb3 0-1

[Event "Live Chess"]
[Site "Chess.com"]
[Date "2024.06.01"]
[Round "-"]
[White "DJ_Lambton"]
[Black "GrahamCuthbert"]
[Result "1-0"]
[WhiteElo "1754"]
[BlackElo "1031"]
[TimeControl "300"]
[EndTime "15:26:22 PDT"]
[Termination "DJ_Lambton won by resignation"]

1. c4 f5 2. g3 Nf6 3. Bg2 e6 4. Nc3 Bc5 5. e3 O-O 6. Nge2 Qe8 7. O-O c6 8. b3 Be7 9. Bb2 Na6 10. d4 Nb4 11. a3 Na6 12. Qd2 d5 13.
cxd5 cxd5 14. Nf4 Nc7 15. a4 Bb4 16. Rac1 Nh5 17. Nxh5 Qxh5 18. Qe2 Qxe2 19. Nxe2 Bd7 20. Bc3 Bxc3 21. Rxc3 b5 22. Rxc7 Rfd8 23. Rfc1 bxa4 24.
bxa4 a5 25. Nf4 Rac8 26. Rxc8 Rxc8 27. Rxc8+ Bxc8 28. Bf1 Bd7 29. Bb5 Bc8 30. Kf1 Kf7 31. Ke2 g5 32. Nd3 h5 33. Ne5+ Ke7 34. h4 g4 35. f3 Bb7 36. fxg4 fxg4 37. Nc6+ Kf6 38. Kd3 Kf5 39. Ne5 Bc8 40. Be8 Kf6 41. Bxh5 Bd7 42. Nxd7+ 1-0

[Event "Live Chess"]
[Site "Chess.com"]
[Date "2024.06.01"]
[Round "-"]
[White "Mangoalo"]
[Black "wadsy27"]
[Result "0-1"]
[WhiteElo "1060"]
[BlackElo "2542"]
[TimeControl "300"]
[EndTime "15:26:39 PDT"]
[Termination "wadsy27 won by resignation"]

1. e4 c6 2. d4 d5 3. exd5 cxd5 4. Bf4 Nf6 5. Nf3 Nc6 6. Nc3 Bg4 7. Be2 e6 8. O-O Bd6 9. h3 Bh5 10. Bxd6 Qxd6 11.
Re1 O-O 12. Ne5 Bxe2 13. Rxe2 Rfc8 14. Nxc6 Qxc6 15. Re3 b5 16. b4 a5 17. bxa5 Rxa5 18. Rc1 b4 19. Ne2 Rxa2 20. Nf4 Rxc2 21. Rxc2 Qxc2 22.
Qxc2 Rxc2 23. Kh2 Rxf2 0-1

[Event "Live Chess"]
[Site "Chess.com"]
[Date "2024.06.01"]
[Round "-"]
[White "Zhevzh1k7"]
[Black "degringolade64"]
[Result "0-1"]
[WhiteElo "1107"]
[BlackElo "2115"]
[TimeControl "300"]
[EndTime "15:26:58 PDT"]
[Termination "degringolade64 won by resignation"]

1. e4 e5 2. Nf3 Nc6 3. Bc4 Nf6 4. Nc3 Nxe4 5. Nxe4 d5 6. Bb5 dxe4 7. Nxe5 Qd5 8.
Bxc6+ bxc6 9. Qh5 g6 10. c4 gxh5 11. cxd5 cxd5 12. Nc6 Bc5 13. O-O Rg8 14. g3 h4 15.
b4 Bb6 16. Ne5 hxg3 17. hxg3 Rxg3+ 18. Kh2 Rh3+ 19. Kg2 Rh5 20. Nc6 Bh3+ 21. Kh2 Bxf1+ 22. Kg1 Bb5 0-1

[Event "Live Chess"]
[Site "Chess.com"]
[Date "2024.06.01"]
[Round "-"]
[White "upoe610"]
[Black "Plato_77"]
[Result "1-0"]
[WhiteElo "2205"]
[BlackElo "1321"]
[TimeControl "300"]
[EndTime "15:27:01 PDT"]
[Termination "upoe610 won by resignation"]

1. c4 Nf6 2. g3 e6 3. Bg2 d5 4.
Nf3 c6 5. O-O Bd6 6. d4 O-O 7.
Nfd2 Re8 8. Nc3 a5 9. e4 dxe4 10. Ndxe4 Nxe4 11. Nxe4 Be7 12. Bf4 Nd7 13. Nd6 Bxd6 14.
Bxd6 Nf6 15. c5 b6 16. Bxc6 Bd7 17. Bxa8 Qxa8 18. f3 Bb5 19. Rf2 bxc5 20. dxc5 Rd8 21. a4 Ba6 22. Qc2 Nd5 23. Qe4 Bb7 24. Qg4 Nf6 25.
Qg5 Bxf3 26. Be5 Kh8 27. Bxf6 gxf6 28. Qxf6+ Kg8 29. Qxf3 1-0

[Event "Live Chess"]
[Site "Chess.com"]
[Date "2024.06.01"]
[Round "-"]
[White "f4nomore"]
[Black "NebodarMatevich"]
[Result "1/2-1/2"]
[WhiteElo "1259"]
[BlackElo "1564"]
[TimeControl "300"]
[EndTime "15:27:12 PDT"]
[Termination "Game drawn by repetition"]

1. d4 Nf6 2. Bg5 g6 3. Bxf6 exf6 4. c3 Bg7 5. Nf3 O-O 6. e3 d6 7. Be2 c5 8. O-O cxd4 9. cxd4 Nc6 10. Nc3 f5 11. h3 b6 12. a3 Bb7 13. Nh2 Ne7 14.
Bf3 Bxf3 15. Qxf3 Rc8 16. Rac1 Qd7 17. Nd5 Nxd5 18. Qxd5 Rxc1 19. Rxc1 Rc8 20. Rxc8+ Qxc8 21. Qxd6 Qc1+ 22. Nf1 Qxb2 23. Qb8+ Bf8 24. Qxa7 Bxa3 25. Kh2 Qxf2 26. Ng3 Qxe3 27. Qxb6 f4 28. Nf1 Qd3 29. Qb8+ Kg7 30. Qxf4 Bb2 31. Qe5+ Kg8 32. Qe8+ Kg7 33. Qe5+ f6 34. Qe7+ Kh6 35. Qf8+ Kg5 36. Qc5+ f5 37. Qe7+ Kh6 38. Qf8+ Kg5 39. Qe7+ Kh6 40. Qf8+ Kh5 41. Ng3+ Kg5 42. Qe7+ Kh6 43. Qf8+ Kg5 44. Qd8+ Kh6 45. Qf8+ Kg5 1/2-1/2

[Event "Live Chess"]
[Site "Chess.com"]
[Date "2024.06.01"]
[Round "-"]
[White "Crowded_House"]
[Black "blunderabit"]
[Result "1-0"]
[WhiteElo "1735"]
[BlackElo "1777"]
[TimeControl "300"]
[EndTime "15:27:26 PDT"]
[Termination "Crowded_House won by resignation"]

1. d4 d5 2. Bg5 h6 3. Bh4 c6 4. c3 Qb6 5. Qb3 Nf6 6. Nd2 Bf5 7. e3 Nbd7 8. Ngf3 g5 9. Bg3 Nh5 10. Be2 Nxg3 11. hxg3 Bg7 12. O-O Qc7 13. Nh2 h5 14. Bf3 g4 15. Be2 Nf6 16. Rfd1 h4 17. Ndf1 h3 18.
Bd3 Bxd3 19. Rxd3 hxg2 20. Kxg2 O-O-O 21. Rad1 Rh5 22. Re1 Rdh8 23. Qd1 Qd7 24. c4 dxc4 25. Rc3 Qf5 26. Rxc4 Qh7 27. Nxg4 Rh1 28. Nxf6 Bxf6 29. Qb1 Qh3+ 30. Kf3 Qh5+ 31. Ke4 Qd5+ 32. Kd3 Rg1 33. Nd2 Rhh1 34. Rxg1 1-0

[Event "Live Chess"]
[Site "Chess.com"]
[Date "2024.06.01"]
[Round "-"]
[White "lateforthesky"]
[Black "Cimon"]
[Result "1-0"]
[WhiteElo "2123"]
[BlackElo "1805"]
[TimeControl "300"]
[EndTime "15:27:35 PDT"]
[Termination "lateforthesky won on time"]

1. e4 d6 2. d4 Nf6 3. Nc3 g6 4. f4 Bg7 5. Bd3 O-O 6. Nf3 Bg4 7. O-O c5 8. e5 dxe5 9. dxe5 Nd5 10.
Be4 Nxc3 11. bxc3 Qc7 12. Rb1 Nc6 13. Qe1 Be6 14. a3 Bc4 15. Rf2 Rad8 16. Be3 b6 17. Rd1 Rxd1 18. Qxd1 Rd8 19. Rd2 Rxd2 20. Qxd2 h6 21.
f5 Nxe5 22. fxg6 Nxf3+ 23. gxf3 Qd6 24. gxf7+ Kxf7 25. Kg2 Qxd2+ 26. Bxd2 h5 27. Kg3 Be5+ 28. f4 Bf6 29. Bf3 h4+ 30. Kf2 Be6 31. Ke3 a5 32. Be1 b5 33. Be4 h3 34. Bc6 b4 35. cxb4 cxb4 36. axb4 axb4 37. Bxb4 Bc4 38. Be4 Bh4 39. Bc3 e6 40. Be5 Bd5 41. Bxd5 exd5 42. f5 Bg3 43. Bxg3 Kf6 44. Kf4 1-0

[Event "Live Chess"]
[Site "Chess.com"]
[Date "2024.06.01"]
[Round "-"]
[White "NAZRIZ1977"]
[Black "CCGoodKnightRookie"]
[Result "0-1"]
[WhiteElo "2163"]
[BlackElo "2350"]
[TimeControl "300"]
[EndTime "15:27:37 PDT"]
[Termination "CCGoodKnightRookie won by resignation"]

1. d4 Nf6 2. Nc3 e6 3. Bf4 c5 4.
e3 a6 5. d5 b5 6. dxe6 fxe6 7.
Nf3 Qa5 8. Qd2 Nc6 9. Be2 Bb7 10. O-O Be7 11. Ne5 Nxe5 12. Bxe5 O-O 13. Ne4 Qxd2 14. Nxd2 Ne4 15. Nxe4 Bxe4 16. c3 Rf5 17. Bg3 Rd5 18. Rfd1 Rxd1+ 19. Rxd1 Bd5 20. e4 Bc6 21. f3 a5 22. Bd6 Bxd6 23. Rxd6 b4 24. Bc4 Kf7 25.
Bxe6+ Ke7 0-1

[Event "Live Chess"]
[Site "Chess.com"]
[Date "2024.06.01"]
[Round "-"]
[White "StoreySniper"]
[Black "RichardABates"]
[Result "0-1"]
[WhiteElo "2534"]
[BlackElo "2296"]
[TimeControl "300"]
[EndTime "15:27:59 PDT"]
[Termination "RichardABates won by resignation"]

1. e4 c5 2. Nf3 d6 3. d4 cxd4 4.
Nxd4 Nf6 5. f3 e5 6. Nb3 Be7 7.
c4 O-O 8. Nc3 Be6 9. Be3 Nbd7 10. Qd2 a6 11. Be2 Rc8 12. Nd5 Bxd5 13. cxd5 Nb6 14. Qb4 Nfd7 15. Na5 Rc2 16. Rc1 Rxc1+ 17. Bxc1 Qc7 18. Be3 Nc5 19. O-O Kh8 20. Rc1 f5 21. Nc4 Nxc4 22. Rxc4 fxe4 23. fxe4 b5 24. Rc1 Qb6 25.
Qe1 Bg5 26. Qg3 Nxe4 27. Bxb6 Nxg3 28. Rc2 Nxe2+ 29. Rxe2 Rc8 30. g3 Kg8 31. Ba5 Rc1+ 32. Kg2 Rd1 33. Rc2 Rxd5 34. Rc6 Bd2 35. Bc7 Rc5 36. Rxc5 dxc5 37. Bxe5 Kf7 38. Kf3 g6 39. Ke4 Ke6 40. g4 Bg5 41. h3 Bf6 42. Bxf6 Kxf6 43. Kd5 c4 44. a4 bxa4 45. Kxc4 Kg5 46. Kb4 Kh4 47. Kxa4 Kxh3 48. Ka5 Kxg4 49. Kxa6 h5 50. b4 h4 51. b5 h3 52. b6 h2 53. b7 h1=Q 54. b8=Q Qa1+ 0-1

[Event "Live Chess"]
[Site "Chess.com"]
[Date "2024.06.01"]
[Round "-"]
[White "Ferrarifan27"]
[Black "CheckThis4"]
[Result "0-1"]
[WhiteElo "2114"]
[BlackElo "2686"]
[TimeControl "300"]
[EndTime "15:28:01 PDT"]
[Termination "CheckThis4 won on time"]

1. e4 c5 2. Nf3 Nc6 3. b4 cxb4 4. d4 d5 5. exd5 Qxd5 6. c4 bxc3 7. Nxc3 Qa5 8. Rb1 e6 9. Bd2 Bb4 10. Qb3 Nge7 11.
Bd3 O-O 12. O-O b6 13. Rfe1 Ba6 14. Bxa6 Qxa6 15. Re4 Rac8 16. Rg4 Nf5 17. d5 exd5 18. Rxb4 Nxb4 19. Qxb4 Qd3 20. Qb5 Rxc3 21. Bxc3 Qxc3 22. Qxd5 g6 23. h3 Rc8 24. Rd1 Qc6 25. Qd3 Qc2 26.
Qd7 Qc7 27. Qd3 Re8 28. Ng5 h6 29. Ne4 Qe5 30. Nc3 Kg7 31. Nb5 Re7 32. Nc3 Re6 33.
Nb5 a6 34. Nc3 Rd6 35. Qc2 Rxd1+ 36. Nxd1 Qe1+ 37. Kh2 Qe5+ 38. Kg1 Nd4 39. Qd2 Ne6 40. Ne3 Nf4 41. Qd1 h5 42. Qc1 b5 43. Qd1 b4 44.
Qc1 Ne2+ 0-1

[Event "Live Chess"]
[Site "Chess.com"]
[Date "2024.06.01"]
[Round "-"]
[White "dmitro74"]
[Black "NottheBishopSacrifice"]
[Result "0-1"]
[WhiteElo "1702"]
[BlackElo "2285"]
[TimeControl "300"]
[EndTime "15:28:07 PDT"]
[Termination "NottheBishopSacrifice won on time"]

1. d4 Nf6 2. c4 e6 3. Nf3 d5 4. Nc3 Be7 5. Bf4 O-O 6. e3 c5 7. dxc5 Bxc5 8. cxd5 Nxd5 9. Nxd5 exd5 10. Bd3 Nc6 11. O-O d4 12. Qc2 Nb4 13. Bxh7+ Kh8 14. Qxc5 Nd5 15. Qxd4 Nxf4 16. Qxf4 Kxh7 17. Qh4+ Qxh4 18.
Nxh4 Be6 19. Rac1 Rfd8 20. Nf3 Rd3 21. b3 Rad8 22. Nd4 Rd2 23. a4 Rb2 24. Rc3 Bd5 25. h3 a6 26. Rfc1 Kg6 27. R3c2 Rxc2 28. Rxc2 Be4 29.
Rc7 Bd5 30. f3 b6 31. Kf2 f6 32. Ke2 Bg8 33. Rc6 Rb8 34. b4 a5 35. b5 Bd5 36. Rc7 f5 37. Kd3 Kf6 38. Rd7 Ba2 39. Rd6+ Kf7 40. Nc6 Re8 41. Nd4 Rb8 42. Nxf5 Bb1+ 43.
Kd4 Bxf5 44. e4 Be6 45. Kc3 Ke7 46. e5 Rc8+ 47. Kb2 Rc4 48. Rxb6 Rb4+ 49. Kc3 Rc4+ 50.
Kd3 Rxa4 51. Rb7+ Kf8 52. b6 Rb4 53. Rb8+ Kf7 54. g4 a4 55. Ke3 a3 56. b7 a2 57. Ra8 Rb3+ 58. Kd4 Rb4+ 59. Kc5 Rxb7 60. f4 Rb1 61. f5 a1=Q 62. Rxa1 Rxa1 63. fxe6+ Kxe6 64.
Kd4 Ra4+ 0-1

[Event "Live Chess"]
[Site "Chess.com"]
[Date "2024.06.01"]
[Round "-"]
[White "oscalik"]
[Black "OliWally08"]
[Result "1-0"]
[WhiteElo "2312"]
[BlackElo "1264"]
[TimeControl "300"]
[EndTime "15:28:19 PDT"]
[Termination "oscalik won by checkmate"]

1. e4 d5 2. exd5 Nf6 3. d4 Nxd5 4. c4 Nf6 5. Nc3 Nc6 6. d5 Ne5 7. Qd4 Ng6 8. Nf3 e6 9. Bg5 Be7 10. h4 h6 11. Be3 b6 12. O-O-O Bc5 13. Qd2 Bxe3 14. Qxe3 O-O 15. dxe6 Bxe6 16. Rxd8 Rfxd8 17. h5 Ne7 18. Ne5 Nf5 19. Qe1 c5 20. Nb5 a6 21.
Nc7 Ra7 22. Nxe6 fxe6 23. Nc6 Rad7 24. Qxe6+ Kh8 25. Nxd8 Rxd8 26. Qxf5 Rd4 27. Bd3 Rg4 28. Re1 Kg8 29. Re8+ Nxe8 30. Qxg4 Nf6 31. Qe6+ Kf8 32. Bg6 Nd5 33. Qf7# 1-0